 Dungeon Crawl Stone Soup version 0.25-a0-733-gf7d8cd8a05 (webtiles) character file.

Game seed: 9882158127875934237, levelgen mode: deterministic

21 Edwards80 the Cudgeler (level 2, 0/26 HPs)
             Began as a Minotaur Monk on Apr 9, 2020.
             Slain by a goblin
             ... wielding a +0 club
              (1 damage)
             ... on level 1 of the Dungeon.
             The game lasted 00:01:24 (197 turns).

Edwards80 the Cudgeler (Minotaur Monk)               Turns: 197, Time: 00:01:24

Health: 0/26       AC:  2    Str: 15    XL:     2   Next: 62%
Magic:  1/1        EV: 13    Int:  7    God:
Gold:   22         SH:  0    Dex: 12    Spells: 1/1 levels left

rFire    . . .     SeeInvis .   a - +0 mace
rCold    . . .     Gourm    .   (no shield)
rNeg     . . .     Faith    .   b - +0 robe
rPois    .         Spirit   .   (helmet restricted)
rElec    .         Reflect  .   (no cloak)
rCorr    .         Harm     .   (no gloves)
MR       .....                  (no boots)
Stlth    ++........             (no amulet)
HPRegen  0.08/turn              (no ring)
MPRegen  0.07/turn              (no ring)

@: no status effects
A: retaliatory headbutt, horns 2
a: no special abilities


You were on level 1 of the Dungeon.
You were not hungry.

You visited 1 branch of the dungeon, and saw 1 of its levels.

You collected 22 gold pieces.

Inventory:

Hand Weapons
 a - a +0 mace (weapon)
Armour
 b - a +0 robe (worn)
Scrolls
 d - a scroll of magic mapping {unknown}
Comestibles
 c - 3 rations
 f - 8 chunks of flesh


   Skills:
 - Level 3.6 Fighting
 * Level 4.4 Maces & Flails
 + Level 3.6 Dodging
 - Level 1.5 Stealth


You had one spell level left.
You didn't know any spells.
Your spell library was empty.

Dungeon Overview and Level Annotations

Branches:
Dungeon (1/15)

Altars:


Innate Abilities, Weirdness & Mutations

You reflexively headbutt those who attack you in melee.
You have a pair of horns on your head.


Message History

The frilled lizard hisses angrily.
You hit the hobgoblin but do no damage. The hobgoblin hits you with a +0 club.
You closely miss the hobgoblin. The goblin barely misses you.
The hobgoblin barely misses you. The rat barely misses you.
The goblin barely misses you.
You hit the hobgoblin. Your headbutt misses the hobgoblin.
The hobgoblin is lightly wounded.
The hobgoblin hits you with a +0 club. The rat completely misses you.
The goblin hits you with a +0 club.
* * * LOW HITPOINT WARNING * * *
You barely miss the hobgoblin. Your headbutt misses the hobgoblin.
The hobgoblin is lightly wounded.
The hobgoblin barely misses you. The rat bites you.
* * * LOW HITPOINT WARNING * * *
The goblin hits you with a +0 club.
* * * LOW HITPOINT WARNING * * *
You hit the hobgoblin.
You kill the hobgoblin!
The rat misses you. The goblin hits you with a +0 club.
You die...

#.... .%. #.#..##########..
...........#...#
##.........#...#
#..........#...# #######
##>........'...+ .......
##........##÷..# ######.
#......)÷.##[..##############.
##..........)@................
##....#####.gr.#############.
.....## #.l..# #. ..... #....#
#. ..... #....# #. ....
......# ## ... .##.....
#......


You could see a goblin, a frilled lizard and a rat.

Vanquished Creatures
  3 dart slugs (D:1)
  A giant cockroach (D:1)
  2 goblins (D:1)
  2 hobgoblins (D:1)
  4 bats (D:1)
  2 frilled lizards (D:1)
  2 rats (D:1)
16 creatures vanquished.

Notes
Turn   | Place    | Note
-------+----------+-------------------------------------------
     0 | D:1      | Edwards80 the Minotaur Monk began the quest for the Orb.
     0 | D:1      | Reached XP level 1. HP: 19/19 MP: 0/0
    62 | D:1      | Reached skill level 4 in Maces & Flails
    83 | D:1      | Reached XP level 2. HP: 24/26 MP: 1/1
   196 | D:1      | HP: 1/26 [goblin/+0 club (3)]
   197 | D:1      | Slain by a goblin

Levels and vault maps discovered:
D:1:      dpeg_arrival_erosion, layout_basic, chequers_jeans, minmay_domino_2

Skill      XL: |  1 |
---------------+----+-----
Maces & Flails | 4 |  4.4
Fighting       | |  3.6
Dodging        | |  3.6
Stealth        | |  1.5

Action                   || total
-------------------------++-------
Melee: Mace              ||    34
       Headbutt          ||     4
Armor: Robe              ||     6
Dodge: Dodged            ||    23

Table legend:
 A = Non-vault XP
 B = Vault XP
 C = Vault XP percentage of total XP
 D = Non-vault monster count
 E = Vault monster count
 F = Vault count percentage of total count
                 A         B        C        D         E       F
            +---------+---------+-------+---------+---------+-------
      Total |      28 |       2 |   6.7 |      15 |       1 |   6.2
            +---------+---------+-------+---------+---------+-------
        D:1 |      28 |       2 |   6.7 |      15 |       1 |   6.2
            +---------+---------+-------+---------+---------+-------
